 Dungeon Crawl Stone Soup version 0.24.0-123-gd5b16e6ec5 (webtiles) character file.

Game seed: 12345234536422408419, levelgen mode: deterministic

788 FishyPogo the Conjurer (level 7, -8/54 HPs)
             Began as a Demonspawn Wizard on Jan 4, 2020.
             Was an Initiate of Sif Muna.
             Mangled by a centaur
             ... wielding a +0 flail
              (11 damage)
             ... on level 6 of the Dungeon.
             The game lasted 00:27:01 (4589 turns).

FishyPogo the Conjurer (Demonspawn Wizard)          Turns: 4589, Time: 00:27:02

Health: -8/54      AC:  8    Str:  8      XL:     7   Next: 56%
Magic:  10/13      EV: 13    Int: 21      God:    Sif Muna [......]
Gold:   327        SH:  0    Dex: 16 (17) Spells: 3/14 levels left

rFire    . . .     SeeInvis .   b - +2 falchion (drain)
rCold    . . .     Gourm    .   (no shield)
rNeg     . . .     Faith    .   j - +0 robe
rPois    .         Spirit   .   f - +0 hat
rElec    .         Reflect  .   q - +2 cloak
rCorr    .         Harm     .   m - +0 pair of gloves {Dex+3}
MR       .....                  (no boots)
Stlth    ++........             (no amulet)
HPRegen  0.18/turn              o - +3 ring of dexterity
MPRegen  0.13/turn              (no ring)

@: very slightly contaminated
A: talons 1, yellow scales 1, demonic guardian 1, rot immunity
a: Renounce Religion


You were on level 6 of the Dungeon.
You worshipped Sif Muna.
Sif Muna was noncommittal.
You were not hungry.

You visited 1 branch of the dungeon, and saw 6 of its levels.

You collected 327 gold pieces.

Inventory:

Hand Weapons
 a - a +3 dagger
 b - a +2 falchion of draining (weapon)
Missiles
 g - 145 stones
 r - 31 poisoned darts (quivered)
 z - a throwing net
Armour
 f - a +0 hat (worn)
 h - the -6 helmet of Resourcefulness {rN+ Int+2}
   (You found it on level 4 of the Dungeon)

   It affects your intelligence (+2).
   It protects you from negative energy.
 j - a +0 robe (worn)
 m - a +0 pair of gloves of dexterity (worn)
 q - a +2 cloak (worn)
 C - a +0 shield
Jewellery
 o - a +3 ring of dexterity (left hand)
 w - an uncursed ring of magical power {unknown}
 x - an uncursed amulet of guardian spirit
Scrolls
 e - a scroll of amnesia {unknown}
 i - 3 scrolls of fear {unknown}
 n - 2 scrolls of magic mapping {unknown}
 p - a scroll of enchant weapon {unknown}
 y - a scroll of teleportation
 A - a scroll of remove curse
 B - 5 scrolls of identify
 D - a scroll of blinking {unknown}
Potions
 c - 2 potions of heal wounds {unknown}
 k - a potion of brilliance {unknown}
 l - 7 potions of curing
 s - 3 potions of lignification
 t - 3 potions of magic
 u - a potion of berserk rage {unknown}
 v - a potion of mutation
Comestibles
 d - 8 rations


   Skills:
 - Level 4.0 Fighting
 - Level 3.2 Armour
 - Level 2.0 Dodging
 - Level 2.0 Stealth
 - Level 0.4 Shields
 + Level 4.2 Spellcasting
 * Level 4.7 Conjurations
 - Level 1.0 Summonings
 - Level 0.8 Translocations
 - Level 1.0 Poison Magic


You had 3 spell levels left.
You knew the following spells:

 Your Spells              Type           Power        Failure   Level  Hunger
a - Magic Dart            Conj           ###.         1%          1    None
c - Mephitic Cloud        Conj/Pois/Air  ##......     16%         3    ##.....
j - Conjure Flame         Conj/Fire      ##......     13%         3    ##.....
k - Blink                 Tloc           N/A          12%         2    #......
n - Call Imp              Summ           #.......     12%         2    #......

Your spell library contained the following spells:

 Spells                   Type           Power        Failure   Level  Hunger
 Slow                     Hex            #.......     19%         2    #......


Dungeon Overview and Level Annotations

Branches:
Dungeon (6/15)
 Temple: D:4-7

Altars:
Elyvilon
Fedhas
Gozag
Hepliaklqana
Qazlal
Sif Muna
Vehumet
Wu Jian
The Shining One


Innate Abilities, Weirdness & Mutations

You have sharp toenails.
You are partially covered in yellow scales. (AC +2)
A weak demonic guardian rushes to your aid.
You are immune to rotting.


Message History

Attack!
Your white imp gestures at the quasit.
The puff of frost hits the quasit.
The quasit resists.
The quasit dies!
Sif Muna accepts your kill.
Casting: Call Imp (safe; 12% risk of failure)
Confirm with . or Enter, or press ? or * to list all spells.
A beastly little devil appears in a puff of flame.
The centaur shoots an arrow.
The arrow barely misses your shadow imp.
The arrow barely misses you.
The centaur shoots an arrow.
The arrow hits your shadow imp!
Your shadow imp dies!
You see here an arrow.
The centaur unwields a +0 shortbow.
The centaur wields a +0 flail.
The centaur hits you with a +0 flail.
* * * LOW HITPOINT WARNING * * *
You see here an arrow.
The centaur hits you with a +0 flail!
You die...

##. #.# #.. ...
#.# #.. #.# #5Z
#.# .# #..
##### #5# . #..
#...###(# #%
#.. #.....c@#
#.. #.c
#...#####
#..#######..
##.##
#.#....5...(..
#5#
#..........#..
#.#
###......(..%%
#.#
######(#.#?#
#.# #.#.#.# #.#
########c#.#.#
#c#
#..(5(.(รท..#.#


You could see a centaur and a friendly crimson imp.

Vanquished Creatures
  Edmund (D:5)
  A crimson imp (D:5)
  2 hounds (D:5)
  An orc priest (D:4)
  2 worker ants (D:4)
  Terence (D:2)
  2 gnolls (D:3)
  7 adders
  An ooze (D:3)
  3 worms
  3 dart slugs
  4 leopard geckos
  5 orcs
  A ball python (D:1)
  7 bats
  5 giant cockroaches
  5 goblins
  10 hobgoblins
  3 jackals (D:1)
  9 kobolds
  A quokka (D:2)
  4 frilled lizards
  A quokka skeleton (D:2)
  8 rats
87 creatures vanquished.

Vanquished Creatures (collateral kills)
  2 ogres
  A bullfrog (D:6)
  2 hounds
  A quasit (D:6)
  A bullfrog skeleton (D:4)
  An iguana (D:5)
  2 worker ants
  A hound zombie (D:6)
  A worker ant zombie (D:5)
  2 gnolls (D:3)
  An adder (D:3)
  An adder skeleton (D:4)
  2 worms (D:2)
  A leopard gecko (D:4)
  2 orcs (D:4)
  2 jackals (D:6)
  2 kobolds
  A quokka (D:3)
  A bat (D:2)
27 creatures vanquished.

Grand Total: 114 creatures vanquished

Notes
Turn   | Place    | Note
-------+----------+-------------------------------------------
     0 | D:1      | FishyPogo the Demonspawn Wizard began the quest for the
                  | Orb.
     0 | D:1      | Reached XP level 1. HP: 13/13 MP: 4/4
   168 | D:1      | Gained mutation: A weak demonic guardian rushes to your
                  | aid. [demonic ancestry]
   168 | D:1      | Reached XP level 2. HP: 14/20 MP: 0/6
   244 | D:1      | Reached skill level 1 in Fighting
   322 | D:1      | Reached skill level 1 in Armour
   688 | D:1      | Learned a level 2 spell: Call Imp
   740 | D:1      | Gained mutation: You have sharp toenails. [demonic
                  | ancestry]
   740 | D:1      | Reached XP level 3. HP: 24/26 MP: 1/7
   989 | D:2      | Found a blossoming altar of Fedhas.
   991 | D:2      | Found a stormy altar of Qazlal.
  1138 | D:2      | Noticed Terence
  1398 | D:2      | Found a hazy altar of Hepliaklqana.
  1517 | D:2      | Reached XP level 4. HP: 33/33 MP: 4/8
  1682 | D:2      | Killed Terence
  1726 | D:2      | Found a glowing golden altar of the Shining One.
  2176 | D:3      | Found a radiant altar of Vehumet.
  2191 | D:3      | Reached XP level 5. HP: 41/41 MP: 3/9
  2512 | D:4      | Found a shimmering blue altar of Sif Muna.
  2518 | D:4      | Found an opulent altar of Gozag.
  2518 | D:4      | Found a white marble altar of Elyvilon.
  2522 | D:4      | Became a worshipper of Sif Muna the Loreminder
  2527 | D:4      | Learned a level 3 spell: Mephitic Cloud
  2530 | D:4      | Learned a level 2 spell: Blink
  2598 | D:4      | Gained mutation: You are immune to rotting. [demonic
                  | ancestry]
  2598 | D:4      | Reached XP level 6. HP: 37/48 MP: 10/10
  2809 | D:4      | Got a bloodstained helmet
  2820 | D:4      | Identified the -6 helmet of Resourcefulness {rN+ Int+2}
                  | (You found it on level 4 of the Dungeon)
  3320 | D:4      | Learned a level 3 spell: Conjure Flame
  3362 | D:5      | Entered Level 5 of the Dungeon
  3699 | D:5      | You fall into a shaft and drop 1 floor!
  4092 | D:5      | Noticed Edmund
  4146 | D:5      | Killed Edmund
  4146 | D:5      | Gained mutation: You are partially covered in yellow
                  | scales. (AC +2) [demonic ancestry]
  4146 | D:5      | Reached XP level 7. HP: 52/54 MP: 0/12
  4267 | D:5      | Found an ornate altar of the Wu Jian Council.
  4459 | D:5      | Reached skill level 1 in Poison Magic
  4589 | D:6      | Mangled by a centaur

Levels and vault maps discovered:
D:1:      dpeg_arrival_shrine, layout_basic
D:2:      layout_rooms, grunt_temple_overflow_forces_of_nature, tso_altar,
          marbit_many_paths, uniq_terence
D:3:      layout_basic, vehumet_crystals
D:4:      minmay_inner_zag, layout_basic, gammafunk_temple_overflow_forgotten,
          first_ration, serial_park_tiny_pond
D:5:      minmay_angry_zag, layout_loops_ring, lemuel_round_altar,
          lemuel_flamethrower_2, uniq_edmund
D:6:      layout_loops_ring, ashenzari_conservatory_becter

Skill      XL: |  1  2  3  4  5  6  7 |
---------------+----------------------+-----
Dodging        | 2 |  2.0
Stealth        | 2 |  2.0
Fighting       | 1 2 3 4 |  4.0
Armour         | 1 2 3 |  3.2
Conjurations   | 3 4 |  4.7
Poison Magic   | 1 |  1.0
Spellcasting   | 4 |  4.2
Shields        | |  0.4
Summonings     | |  1.0
Translocations | |  0.8

Action                   |  1- 3 |  4- 6 |  7- 9 || total
-------------------------+-------+-------+-------++-------
Melee: Short sword       |     6 |       |       ||     6
       Unarmed           |     5 |       |       ||     5
       Club              |     2 |       |       ||     2
       Dagger            |    47 |    87 |       ||   134
       Kick              |     7 |    20 |     4 ||    31
       Falchion          |       |    11 |    11 ||    22
Throw: Dart              |       |     5 |       ||     5
       Stone             |       |     1 |       ||     1
 Cast: Magic Dart        |    71 |    75 |     4 ||   150
       Call Imp          |    10 |    33 |     4 ||    47
       Mephitic Cloud    |       |     2 |     1 ||     3
  Use: Scroll            |       |     9 |       ||     9
 Stab: Sleeping          |     1 |     8 |       ||     9
       Distracted        |       |     2 |     1 ||     3
       Confused          |       |     1 |       ||     1
  Eat: Chunk             |     2 |     8 |     4 ||    14
Armor: Robe              |    10 |    28 |     8 ||    46
Dodge: Dodged            |    45 |    75 |    14 ||   134
       Rpst.: Falchion   |       |     6 |     4 ||    10
